 Dungeon Crawl Stone Soup version 0.24.0-123-gd5b16e6ec5 (webtiles) character file.

Game seed: 16204288488676949436, levelgen mode: deterministic

43129 Peloso the Peltast (level 13, -9/116 HPs)
             Began as a Minotaur Fighter on Feb 4, 2020.
             Was the Champion of Okawaru.
             Killed from afar by a deep elf mage (40 damage)
             ... with a bolt of lightning
             ... on level 14 of the Dungeon.
             The game lasted 00:48:51 (21702 turns).

Peloso the Peltast (Minotaur Fighter)              Turns: 21702, Time: 00:48:52

Health: -9/116     AC: 19    Str: 27    XL:     13   Next: 89%
Magic:  14/14      EV:  7    Int:  5    God:    Okawaru [******]
Gold:   872        SH: 23    Dex: 12    Spells: 12/12 levels left

rFire    . . .     SeeInvis .   a - +2 falchion (slice)
rCold    . . .     Gourm    .   c - +2 large shield {reflect}
rNeg     . . .     Faith    .   w - +0 plate armour
rPois    .         Spirit   .   M - +2 hat
rElec    .         Reflect  +   (no cloak)
rCorr    +         Harm     .   (no gloves)
MR       .....                  e - +0 pair of boots
Stlth    ..........             (no amulet)
HPRegen  0.29/turn              m - +3 ring of strength
MPRegen  0.14/turn              B - ring of resist corrosion

@: no status effects
A: retaliatory headbutt, horns 2
a: Heroism, Finesse, Renounce Religion


You were on level 14 of the Dungeon.
You worshipped Okawaru.
Okawaru was exalted by your worship.
You were not hungry.

You visited 3 branches of the dungeon, and saw 19 of its levels.
You also visited: Gauntlet.

You collected 1048 gold pieces.
You spent 176 gold pieces at shops.

Inventory:

Hand Weapons
 a - a +2 falchion of slicing (weapon)
 b - a +2 war axe of flaming
Armour
 c - a +2 large shield of reflection (worn)
 e - a +0 pair of boots (worn)
 k - a +0 chain mail of fire resistance
 w - a +0 plate armour (worn)
 M - a +2 hat (worn)
Jewellery
 d - the ring of the Establishment {-Tele +Fly rElec rF+ SInv}
   (You found it in a Gauntlet)

   [ring of flight]

   It protects you from fire.
   It insulates you from electricity.
   It lets you see invisible.
   It lets you fly.
   It prevents most forms of teleportation.
 m - a +3 ring of strength (left hand)
 o - a +3 ring of strength
 u - a +3 ring of strength
 x - an uncursed ring of protection from magic
 B - a ring of resist corrosion (right hand)
 E - the ring "Kome" {rPois Int+4 Stlth-}
   (You took it off a minotaur in a Gauntlet)

   [ring of attention]

   It affects your intelligence (+4).
   It protects you from poison.
   It makes you less stealthy.
 F - a +3 ring of dexterity
Wands
 r - a wand of paralysis (8)
 s - a wand of random effects (39)
Scrolls
 g - 3 scrolls of identify
 i - 4 scrolls of fog
 l - 6 scrolls of teleportation
 t - a scroll of noise
 y - a scroll of magic mapping
 z - 3 scrolls of remove curse
 C - a scroll of fear
 D - a scroll of enchant armour
 H - 6 scrolls of amnesia {unknown}
Potions
 h - 3 potions of flight
 n - 3 potions of haste
 p - a potion of brilliance
 v - a potion of mutation
 A - a potion of cancellation
Comestibles
 f - 33 rations


   Skills:
 + Level 11.2 Fighting
 + Level 14.8 Long Blades
 + Level 1.8 Axes
 + Level 13.9 Armour
 + Level 3.4 Dodging
 + Level 3.1 Stealth
 + Level 15.6 Shields
 + Level 2.9 Invocations
 + Level 0.2 Evocations


You had 12 spell levels left.
You didn't know any spells.
Your spell library contained the following spells:

 Spells                   Type           Power        Failure   Level  Hunger
 Animate Skeleton         Necr           N/A          100%        1    ##.....
 Corona                   Hex            #......      100%        1    ##.....
 Magic Dart               Conj           #...         100%        1    ##.....
 Searing Ray              Conj           #.....       100%        2    ###....
 Dazzling Spray           Conj/Hex       #.....       100%        3    ####...
 Summon Guardian Golem    Hex/Summ       #.......     100%        3    ####...
 Vampiric Draining        Necr           #.........   100%        3    ####...
 Force Lance              Conj/Tloc      #.......     100%        4    #####..
 Fulminant Prism          Conj/Hex       #.........   100%        4    #####..
 Iskenderun's Mystic Bla  Conj           #.......     100%        4    #####..
 Discord                  Hex            #.........   100%        8    #######


Dungeon Overview and Level Annotations

Branches:
Dungeon (14/15)            Temple (0/1) D:7            Lair (4/6) D:10
 Shoals (0/4) Lair:4       Spider (0/4) Lair:3          Orc (1/2) D:11
Gauntlet (visited)
 Vaults: D:13-14

Altars:
Gozag
Hepliaklqana
Nemelex Xobeh
Okawaru
Qazlal
Ru
Trog
Xom

Shops:
D:4 !   D:14 (

Annotations:
D:10 2 transporters, playitleo's ghost, journeyman GrFi


Innate Abilities, Weirdness & Mutations

You reflexively headbutt those who attack you in melee.
You have a pair of horns on your head.


Message History

The deep elf mage hits you but does no damage.
You slash the deep elf mage!
The deep elf mage is severely wounded.
You feel less invigorated.
You feel less confused.
The deep elf mage hits you but does no damage.
You slash the deep elf mage!
You kill the deep elf mage!
Okawaru accepts your kill.
A skeletal warrior comes into view. It is wielding a +0 battleaxe.
Items here: $ (( )))) † The deep elf mage hits you but does no damage.
Items here: $ (( )))) † You hit the deep elf mage.
You headbutt the deep elf mage!
The deep elf mage is moderately wounded.
You slash the deep elf mage! You headbutt the deep elf mage!
The deep elf mage is almost dead.
The deep elf mage gestures at you while chanting.
The bolt of lightning hits you!!!
You die...

......... #.....
#####.#..#.#####.####
................#
..............####
#####.#..#.#####....>
#.#.(.(...Z..# #.....
#.(##)#..#.##. ####.. #
#e#z#..# #.. #..#@##..#
#.. #(....#..# #..
#######..# #.. #..#...#
#.. #..#.############..
..####..................
..>.....................
........###########..###
≈..###..# #..#


You could see a skeletal warrior and a deep elf mage.

Vanquished Creatures
  Rupert (Lair:3)
  A fire giant (D:13)
  A minotaur (Gauntlet)
  4 hydras
  A centaur warrior (D:14)
  2 two-headed ogres
  A death knight (D:12)
  A tengu warrior (D:14)
  Nergalle (Lair:3)
  A deep elf knight (D:14)
  5 skeletal warriors (D:12)
  An unseen horror (D:11)
  A wizard (D:9)
  A necromancer (Lair:4)
  3 cyclopes
  3 deep elf magi
  2 oklob plants (Lair:2)
  2 ugly things
  A manticore (D:14)
  A centaur zombie (D:14)
  3 elephants (Lair:4)
  A black mamba (Lair:3)
  3 centaur skeletons
  A gargoyle (D:10)
  2 spiny frogs (Lair:3)
  A kobold demonologist (D:11)
  4 komodo dragons
  A rime drake (Lair:3)
  2 yaktaurs (D:14)
  3 trolls
  4 slime creatures
  5 hippogriffs
  2 centaur simulacra (Gauntlet)
  3 water elementals
  A shadow (D:14)
  2 wyverns
  Sigmund (D:6)
  12 yaks
  3 basilisks
  A steam dragon (Lair:2)
  A harpy simulacrum (Gauntlet)
  3 swamp worms (Gauntlet)
  4 wargs
  A soldier ant (D:13)
  5 water moccasins
  3 porcupines
  9 orc warriors
  4 sky beasts
  3 ice beasts
  2 black bears
  8 phantoms
  6 wolves (Lair:3)
  7 ogres
  An ogre (shapeshifter) (Gauntlet)
  7 centaurs
  7 crocodiles
  12 bullfrogs
  3 big kobolds
  A gnoll sergeant (D:9)
  3 wyvern skeletons
  2 scorpions
  2 troll zombies (D:11)
  5 killer bees (D:9)
  12 wights
  3 howler monkeys (D:9)
  9 electric eels
  4 crimson imps
  2 bullfrog zombies
  3 bullfrog skeletons
  11 hounds
  13 jellies
  14 orc wizards
  12 orc priests
  4 iguanas
  4 worker ants
  4 polar bear simulacra (Lair:4)
  2 yak simulacra (Lair:4)
  A killer bee zombie (D:9)
  4 wolf simulacra (Lair:4)
  6 ogre zombies (D:11)
  A hound skeleton (D:8)
  A howler monkey zombie (D:9)
  6 gnolls
  23 adders
  3 shadow imps
  2 oozes
  2 adder skeletons
  2 adder zombies
  5 worms
  A dart slug (D:5)
  4 leopard geckos
  42 orcs
  A ball python (D:7)
  10 giant cockroaches
  4 goblins
  13 hobgoblins
  12 jackals
  5 quokkas
  6 bats
  3 frilled lizards
  A goblin skeleton (D:11)
  4 goblin zombies (D:11)
  2 hobgoblin skeletons (D:11)
  3 hobgoblin zombies (D:11)
  A jackal zombie (D:5)
  23 kobolds
  2 orc skeletons (D:11)
  13 orc zombies (D:11)
  5 rats
  A river rat simulacrum (Lair:4)
  A fungus (Gauntlet)
  3 plants (Gauntlet)
501 creatures vanquished.

Vanquished Creatures (others)
  A yaktaur (D:14)
  3 centaurs
  7 fungi
  2 plants (Gauntlet)
  9 toadstools (D:7)
22 creatures vanquished.

Grand Total: 523 creatures vanquished

Notes
Turn   | Place    | Note
-------+----------+-------------------------------------------
     0 | D:1      | Peloso the Minotaur Fighter began the quest for the Orb.
     0 | D:1      | Reached XP level 1. HP: 19/19 MP: 0/0
    72 | D:1      | Reached XP level 2. HP: 26/27 MP: 1/1
   439 | D:1      | Reached skill level 4 in Shields
   861 | D:2      | Reached XP level 3. HP: 23/33 MP: 2/2
  1104 | D:2      | Found an iron altar of Okawaru.
  1113 | D:2      | Became a worshipper of Warmaster Okawaru
  1118 | D:2      | Reached XP level 4. HP: 25/40 MP: 3/3
  1478 | D:2      | Found a shimmering altar of Xom.
  1983 | D:3      | Reached XP level 5. HP: 17/46 MP: 4/4
  2352 | D:3      | Found a sacrificial altar of Ru.
  2359 | D:3      | Found a sparkling altar of Nemelex Xobeh.
  2364 | D:3      | Found a bloodstained altar of Trog.
  2705 | D:4      | Found Toluevy's Distillery.
  2713 | D:4      | Bought a potion of mutation for 88 gold pieces
  2720 | D:4      | Reached skill level 5 in Armour
  2852 | D:4      | Noticed an ogre
  2857 | D:4      | Killed an ogre
  2857 | D:4      | Reached * piety under Okawaru
  2857 | D:4      | Reached skill level 5 in Long Blades
  2857 | D:4      | Reached skill level 1 in Dodging
  2857 | D:4      | Reached XP level 6. HP: 53/53 MP: 5/5
  2889 | D:4      | Reached skill level 5 in Shields
  3214 | D:4      | Bought a potion of cancellation for 88 gold pieces
  3340 | D:4      | Reached skill level 5 in Fighting
  3452 | D:4      | Found an opulent altar of Gozag.
  3562 | D:5      | Entered Level 5 of the Dungeon
  3804 | D:5      | Found a hazy altar of Hepliaklqana.
  4008 | D:6      | Noticed Sigmund
  4203 | D:5      | Reached XP level 7. HP: 56/61 MP: 6/6
  4213 | D:6      | Killed Sigmund
  4307 | D:6      | Reached ** piety under Okawaru
  4307 | D:6      | Reached skill level 6 in Shields
  4526 | D:6      | Reached XP level 8. HP: 49/69 MP: 7/7
  5392 | D:7      | Reached skill level 1 in Invocations
  5719 | D:7      | Noticed a hippogriff
  5723 | D:7      | Killed a hippogriff
  5793 | D:7      | Reached skill level 7 in Shields
  5878 | D:7      | Found a stormy altar of Qazlal.
  5970 | D:7      | Found a staircase to the Ecumenical Temple.
  5983 | D:7      | Reached *** piety under Okawaru
  5983 | D:7      | Reached XP level 9. HP: 75/75 MP: 8/8
  6544 | D:7      | Reached skill level 8 in Shields
  6935 | D:8      | Reached skill level 10 in Long Blades
  6935 | D:8      | Reached skill level 1 in Stealth
  7477 | D:9      | Noticed a two-headed ogre
  7489 | D:9      | Killed a two-headed ogre
  7489 | D:9      | Reached **** piety under Okawaru
  7489 | D:9      | Reached skill level 9 in Shields
  7662 | D:9      | Noticed a wizard
  7680 | D:9      | Reached XP level 10. HP: 48/86 MP: 7/9
  7687 | D:9      | Paralysed by a wizard for 5 turns
  7693 | D:9      | Killed a wizard
  7693 | D:9      | Reached ***** piety under Okawaru
  8095 | D:10     | Entered Level 10 of the Dungeon
  8102 | D:10     | Found a sparkling altar of Nemelex Xobeh.
  8142 | D:10     | Found a transporter.
  8164 | D:10     | Found a transporter.
  8165 | D:10     | Noticed playitleo's ghost (journeyman GrFi)
  8193 | D:10     | Reached skill level 10 in Shields
  8222 | D:10     | Found a staircase to the Lair.
  8338 | D:10     | Noticed a green ugly thing
  8357 | D:10     | Killed a green ugly thing
  8505 | D:10     | Got a steaming dagger
  8521 | D:10     | Identified the cursed +3 dagger of Niocvot {pain, Str+3}
                  | (You found it on level 10 of the Dungeon)
  8650 | D:10     | Noticed a gargoyle
  8661 | D:10     | Killed a gargoyle
  8844 | D:10     | Received a gift from Okawaru
  9094 | D:11     | Reached XP level 11. HP: 45/95 MP: 11/11
  9296 | D:11     | Noticed a two-headed ogre
  9330 | D:11     | Reached skill level 11 in Shields
  9351 | D:11     | Killed an unseen horror
  9696 | D:11     | Killed a two-headed ogre
 10080 | D:10     | Reached skill level 10 in Armour
 10315 | D:11     | Received a gift from Okawaru
 10367 | D:11     | Found a staircase to the Orcish Mines.
 11413 | D:12     | Noticed a skeletal warrior
 11414 | D:12     | Noticed a skeletal warrior
 11415 | D:12     | Noticed a skeletal warrior
 11473 | D:12     | Noticed a death knight
 11496 | D:12     | Found a gate leading to a gauntlet.
 11496 | D:12     | Noticed a red ugly thing
 11506 | Gauntlet | Entered a Gauntlet
 11506 | Gauntlet | Found a transporter.
 11506 | Gauntlet | Found a transporter.
 11506 | Gauntlet | Found a transporter.
 11799 | Gauntlet | Found a transporter.
 11843 | Gauntlet | Found a transporter.
 11844 | Gauntlet | Found a transporter.
 11870 | Gauntlet | Found a transporter.
 11878 | Gauntlet | Found a runed translucent gate.
 11879 | Gauntlet | Found a transporter.
 11879 | Gauntlet | Found a runed translucent gate.
 11880 | Gauntlet | Found a runed translucent gate.
 11881 | Gauntlet | Noticed a brown ugly thing
 11881 | Gauntlet | Noticed a great orb of eyes
 11893 | Gauntlet | Found a transporter.
 11896 | Gauntlet | Found a transporter.
 11897 | Gauntlet | Found a runed translucent door.
 11912 | Gauntlet | Found a transporter.
 11912 | Gauntlet | Found a transporter.
 12678 | Gauntlet | Got a scorched silver ring
 12679 | Gauntlet | Identified the Almanac of Evil Magic and Hexes
 12685 | Gauntlet | Identified the ring of the Establishment {-Tele +Fly rElec
                  | rF+ SInv} (You found it in a Gauntlet)
 12740 | Gauntlet | Identified the ring "Kome" {rPois Int+4 Stlth-}
 12740 | Gauntlet | Noticed a minotaur
 12748 | Gauntlet | Killed a minotaur
 12748 | Gauntlet | Reached skill level 12 in Shields
 12814 | D:11     | Killed a red ugly thing
 12966 | D:11     | Received a gift from Okawaru
 13465 | Lair:1   | Entered Level 1 of the Lair of Beasts
 13625 | Lair:1   | Reached XP level 12. HP: 49/105 MP: 12/12
 14937 | Lair:2   | Noticed a four-headed hydra
 15744 | Lair:3   | Received a gift from Okawaru
 16385 | Lair:3   | Noticed Rupert
 16410 | Lair:3   | Killed Rupert
 16410 | Lair:3   | Reached skill level 10 in Fighting
 16410 | Lair:3   | Reached skill level 13 in Shields
 16530 | Lair:3   | Found a hole to the Spider Nest.
 16687 | Lair:3   | Noticed Nergalle
 16699 | Lair:3   | Killed Nergalle
 17247 | Lair:4   | Found a staircase to the Shoals.
 17351 | Lair:4   | Reached ****** piety under Okawaru
 18469 | D:12     | Reached XP level 13. HP: 111/114 MP: 13/13
 18677 | D:12     | Reached skill level 14 in Shields
 19553 | D:13     | Received a gift from Okawaru
 19991 | D:13     | Noticed a fire giant
 20002 | D:13     | Killed a fire giant
 20274 | Orc:1    | Entered Level 1 of the Orcish Mines
 20812 | D:12     | Reached skill level 15 in Shields
 21203 | D:13     | Reached skill level 1 in Axes
 21360 | D:14     | Found Hody's Antique Weapon Boutique.
 21647 | D:14     | Received a gift from Okawaru
 21687 | D:14     | HP: 4/116 [deep elf mage/bolt of lightning (8)]
 21702 | D:14     | Killed from afar by a deep elf mage

Levels and vault maps discovered:
D:1:      eino_arrival_water_cross, layout_basic, hangedman_decor_lopped,
          roderic_lattice_a
D:2:      layout_rooms, okawaru_gym_becter, lemuel_doored_altar
D:3:      layout_rooms, minmay_overflow_temple_star_quad, first_ration
D:4:      layout_basic, serial_shops, shop, grunt_gozag_statues
D:5:      layout_cave_pools, kennysheep_mini_moat
D:6:      cheibrodos_thug_alley, layout_basic, item_on_display_b, uniq_sigmund
D:7:      cheibrodos_fertilizer, layout_cave_pools,
          nicolae_qazlal_general_emergency, minmay_temple_entry_nine_rooms,
          grunt_ogre_cave
D:8:      layout_basic
D:9:      layout_cave_pools, grunt_potential
D:10:     layout_grid_maze, erik_lair_orcish_takeover,
          gammafunk_ghost_mausoleum, nemelex_xobeh_ov_fountains_minmay
D:11:     layout_basic, zombieorc2_lemuel
D:12:     layout_roguey, gauntlet_entry_generic
D:13:     layout_layer_cave, serial_glass, glass_columns_a, glass_columns_b,
          minmay_statues_item, minmay_microvault
D:14:     layout_small_grid, hangedman_vaults_entry_quadrant_bands,
          serial_shops, shop, chequers_big_river
Lair:1:   layout_regular_city, disabler_island, serial_bayou_shore_a
Lair:2:   dpeg_oklob_gauntlet, layout_misc_corridors, grunt_megastairs_3
Lair:3:   layout_cave_pods, dummy_spider_entry, beast_lair_carwin_8,
          infiniplex_staircase_pool_2, grunt_megastairs_5, uniq_rupert,
          uniq_nergalle
Lair:4:   layout_hall_layers, shoals_dummy_entry, eino_house_with_fridge
Orc:1:    layout_caves, serial_shops, nicolae_shop_crystal

Skill      XL: |  1  2  3  4  5  6  7  8  9 10 11 12 13 |
---------------+----------------------------------------+-----
Fighting       | 4 5 6 7 8 9 10 11 | 11.2
Armour         | 4 5 6 7 8 9 11 12 13 | 13.9
Shields        | 4 5 6 7 9 10 12 13 15 | 15.6
Long Blades    | 3 4 5 7 9 10 12 13 14 | 14.8
Dodging        | 1 2 3 |  3.4
Invocations    | 1 2 |  2.9
Stealth        | 1 2 3 |  3.1
Axes           | 1 |  1.8
Evocations     | |  0.2

Action                   |  1- 3 |  4- 6 |  7- 9 | 10-12 | 13-15 || total
-------------------------+-------+-------+-------+-------+-------++-------
Melee: Long sword        |    64 |   234 |   303 |    11 |       ||   612
       Headbutt          |     7 |    43 |    69 |   308 |   121 ||   548
       Falchion          |       |       |       |   940 |   388 ||  1328
       War axe           |       |       |       |       |    23 ||    23
Invok: Heroism           |       |       |     6 |    15 |    11 ||    32
Evoke: Wand              |       |       |     2 |       |       ||     2
  Use: Scroll            |     2 |     3 |     1 |    20 |     1 ||    27
       Potion            |     1 |     6 |     1 |     6 |     5 ||    19
 Stab: Invisible         |       |       |       |     3 |       ||     3
  Eat: Chunk             |     1 |    10 |    11 |    22 |    10 ||    54
       Ration            |       |       |       |     4 |       ||     4
Armor: Scale mail        |    33 |    37 |       |       |       ||    70
       Chain mail        |       |    94 |    15 |       |       ||   109
       Plate armour      |       |       |   100 |   285 |   135 ||   520
Dodge: Dodged            |    23 |    73 |    62 |   218 |    57 ||   433
Block: Shield            |    46 |   180 |   165 |   437 |       ||   828
       Large shield      |       |       |       |   121 |   422 ||   543
       Reflection        |       |       |       |     2 |    34 ||    36
       Rpst.: Long sword |     5 |    18 |    18 |       |       ||    41
       Falchion          |       |       |       |    53 |     9 ||    62
